 Dungeon Crawl Stone Soup version 0.21.0 (webtiles) character file.

569 Sayani the Chopper (level 7, -6/52 HPs)
             Began as a Demonspawn Berserker on Jan 7, 2018.
             Was a Priest of Trog.
             Killed by divine providence
             ... invoked by an orc priest
              (11 damage)
             ... on level 4 of the Dungeon.
             The game lasted 00:07:09 (4425 turns).

Sayani the Chopper (Demonspawn Berserker)           Turns: 4425, Time: 00:07:10

Health: -6/52      AC:  9    Str: 19    XL:     7   Next: 11%
Magic:  7/7        EV: 11    Int:  9    God:    Trog [***...]
Gold:   248        SH:  0    Dex: 12    Spells: 6/6 levels left

rFire    + . .     SeeInvis .   a - +0 hand axe
rCold    . . .     Gourm    .   (no shield)
rNeg     . . .     Faith    .   d - +0 ring mail
rPois    .         Spirit   .   (helmet restricted)
rElec    .         Reflect  .   e - +0 cloak
rCorr    .         Harm     .   (no gloves)
MR       .....                  (no boots)
Stlth    +.........             (no amulet)
HPRegen  0.17/turn              u - ring of protection from fire
MPRegen  0.10/turn              (no ring)

@: berserk cooldown, slowed, very slow
A: horns 1, molten scales 2, powered by pain 1
a: Berserk, Trog's Hand, Burn Spellbooks, Renounce Religion


You were on level 4 of the Dungeon.
You worshipped Trog.
Trog was most pleased with you.
You were near starving.

You visited 1 branch of the dungeon, and saw 4 of its levels.
You also visited: Sewer.

You collected 248 gold pieces.

Inventory:

Hand Weapons
 a - a +0 hand axe (weapon)
Armour
 d - a +0 ring mail (worn)
 e - a +0 cloak (worn)
Jewellery
 u - a ring of protection from fire (left hand)
Wands
 p - a wand of acid (7)
Scrolls
 f - 2 scrolls of enchant weapon {unknown}
 g - a scroll of teleportation {unknown}
 i - a scroll of random uselessness {unknown}
 j - 5 scrolls of magic mapping
 m - a scroll of remove curse
 r - a scroll of fog
 t - a scroll of noise {unknown}
 w - a scroll of enchant armour {unknown}
Potions
 b - 4 potions of cancellation {unknown}
 h - 2 potions of ambrosia {unknown}
 k - a potion of lignification {unknown}
 l - a potion of agility {unknown}
 n - a potion of might {unknown}
 o - 2 potions of heal wounds {unknown}
 q - 2 potions of haste {unknown}
 s - 2 potions of magic {unknown}
 v - a potion of invisibility {unknown}
Comestibles
 c - 4 rations


   Skills:
 - Level 3.0 Fighting
 + Level 7.5 Axes
 - Level 1.7 Armour
 - Level 1.7 Dodging


You had 6 spell levels left.
You didn't know any spells.

Dungeon Overview and Level Annotations

Branches:
Dungeon (4/15)
 Temple: D:4-7

Altars:
Ashenzari
Dithmenos
Gozag
Sif Muna
Yredelemnul


Innate Abilities, Weirdness & Mutations

You have a pair of small horns on your head.
You are mostly covered in molten scales. (AC +3)
You sometimes gain a little power by taking damage.


Message History

The orc wizard hits you but does no damage.
You hit the orc.
The orc is severely wounded.
You barely miss the orc priest. You closely miss the orc wizard.
The orc hits you but does no damage.
The orc priest calls upon Beogh to heal the orc.
The orc's wounds heal themselves!
The orc wizard casts a spell.
The orc wizard seems to speed up.
The orc barely misses you.
You barely miss the orc. You closely miss the orc priest.
You hit the orc wizard.
The orc wizard gestures at you while chanting.
The magic dart hits you!
* * * LOW HITPOINT WARNING * * *
The orc priest hits you but does no damage.
The phantom blinks!
The orc wizard barely misses you. The orc barely misses you.
The orc priest invokes the aid of Beogh against you.
Beogh smites you!
You die...

.# ##.......... .# ##
#........... .# ..##
......W.... ## ....
#.......... .####... ..
.......... ....#.###.#.#
........#
..............##J.ยง...##
#...#..........oooo.....
#.....###...####@#######
#....####.# #)#
..........#### #)# #######.
.............###.###...$..
.......#####..##.).#....#
........[...............#
........).#<.....%......##
.........................####
..............)...........>..


You could see a phantom, an orc priest, an orc wizard, an ooze and 2 orcs.

Vanquished Creatures
  A phantom (D:4)
  An ogre (D:4)
  2 orc priests
  3 orc wizards (D:3)
  A bullfrog skeleton (D:4)
  12 adders
  5 worms
  A dart slug (D:2)
  A leopard gecko (D:1)
  12 orcs
  3 bats
  2 giant cockroaches (D:3)
  5 goblins
  13 hobgoblins
  9 jackals
  10 kobolds
  3 quokkas
  2 ball pythons
  9 frilled lizards
  9 rats
104 creatures vanquished.

Notes
Turn   | Place    | Note
-------+----------+-------------------------------------------
     0 | D:1      | Sayani the Demonspawn Berserker began the quest for the Orb.
     0 | D:1      | Reached XP level 1. HP: 18/18 MP: 1/1
   124 | D:1      | Reached skill level 3 in Axes
   170 | D:1      | Gained mutation: You have a pair of small horns on your head. [demonic ancestry]
   170 | D:1      | Reached XP level 2. HP: 20/24 MP: 2/2
   864 | D:2      | Reached ** piety under Trog
  1018 | D:2      | Gained mutation: You are partially covered in molten scales. (AC +2) [demonic ancestry]
  1018 | D:2      | Reached XP level 3. HP: 23/29 MP: 3/3
  1036 | D:2      | Reached skill level 4 in Axes
  1449 | D:2      | Found a basalt altar of Yredelemnul.
  1459 | D:2      | Found a deep blue altar of Sif Muna.
  1743 | D:3      | Reached XP level 4. HP: 35/35 MP: 4/4
  1776 | D:3      | Reached skill level 5 in Axes
  2031 | D:3      | Reached XP level 5. HP: 31/41 MP: 5/5
  2059 | D:3      | Found a glowing drain.
  2077 | Sewer    | Entered a sewer
  2266 | Sewer    | Reached *** piety under Trog
  3375 | D:3      | Reached skill level 6 in Axes
  3910 | D:3      | Gained mutation: You are mostly covered in molten scales. (AC +3) [demonic ancestry]
  3910 | D:3      | Reached XP level 6. HP: 25/47 MP: 6/6
  4237 | D:4      | Found a shadowy altar of Dithmenos.
  4256 | D:4      | Found a shattered altar of Ashenzari.
  4291 | D:4      | Reached skill level 7 in Axes
  4311 | D:4      | Found an opulent altar of Gozag.
  4406 | D:4      | Gained mutation: You sometimes gain a little power by taking damage. [demonic ancestry]
  4406 | D:4      | Reached XP level 7. HP: 52/52 MP: 7/7
  4425 | D:4      | Killed from afar by an orc priest

Skill      XL: |  1  2  3  4  5  6 |
---------------+-------------------+-----
Axes           | 3 4 5 6 7 |  7.5
Fighting       | |  3.0
Armour         | |  1.7
Dodging        | |  1.7

Action                   |  1- 3 |  4- 6 |  7- 9 || total
-------------------------+-------+-------+-------++-------
Melee: Hand axe          |   135 |   245 |    12 ||   392
       Headbutt          |     9 |    35 |     3 ||    47
Invok: Berserk           |     1 |     2 |       ||     3
  Use: Scroll            |       |     3 |       ||     3
  Eat: Chunk             |     2 |    11 |       ||    13
Armor: Ring mail         |    46 |    95 |     6 ||   147
Dodge: Dodged            |    80 |   145 |    13 ||   238
